 Dungeon Crawl Stone Soup version 0.29-a0-834-g1e95ca9f62 (webtiles) character file.

Game seed: 11195274119167165274

144158 coolguy69 the Unseen (level 17, 0/132 HPs)
             Began as a Vine Stalker Monk on July 12, 2022.
             Was the Champion of Dithmenos.
             Succumbed to a naga mage's bolt of poison
             ... on level 1 of the Snake Pit.
             The game lasted 00:42:44 (22597 turns).

coolguy69 the Unseen (Vine Stalker Monk)           Turns: 22597, Time: 00:42:45

Health: 0/132      AC: 12    Str: 14    XL:     17   Next: 39%
Magic:  2/36       EV: 25    Int: 10    God:    Dithmenos [******]
Gold:   1682       SH: 10    Dex: 31    Spells: 16/16 levels left

rFire   + . .      SeeInvis .   E - +4 dagger (drain)
rCold   + . .      Faith    .   F - +1 buckler
rNeg    + + .      Spirit   +   K - +3 troll leather armour {Snorg}
rPois   .          Reflect  .   (no helmet)
rElec   .          Harm     .   D - +0 cloak
rCorr   .          Rampage  .   (no gloves)
Will    ++++.                   l - +2 pair of boots
Stlth   ..........              v - amulet of regeneration
HPRegen 2.72/turn               J - ring of Ceexigua {rF+ rC+ Will++ Dex+6 Stlth+}
MPRegen 0.25/turn               z - ring "Optueph" {rN++ MP+9}

@: berserking, lethally poisoned (0 -> -2), wreathed by umbra, very quick
A: fangs 3, regeneration 1, magic shield, antimagic bite, no potion heal 2
a: Renounce Religion, Shadow Step, Shadow Form


You were on level 1 of the Snake Pit.
You worshipped Dithmenos.
Dithmenos was exalted by your worship.
You visited 5 branches of the dungeon, and saw 25 of its levels.
You also visited: Ossuary.

You collected 2641 gold pieces.
You spent 959 gold pieces at shops.

Inventory:

Hand Weapons
 f - a +2 dagger of venom
 h - a +2 dagger of holy wrath
 E - a +4 dagger of draining (weapon)
Missiles
 q - 4 throwing nets (quivered)
Armour
 l - a +2 pair of boots (worn)
 B - a scarf of shadows
 D - a +0 cloak (worn)
 F - a +1 buckler (worn)
 K - a +3 troll leather armour (worn) {Snorg}
 Q - a +1 ring mail of poison resistance
Jewellery
 v - an amulet of regeneration (around neck)
 z - the ring "Optueph" (right hand) {rN++ MP+9}
   (You found it on level 10 of the Dungeon)

   [ring of magical power]

   rN:        It greatly protects you from negative energy.
   MP:        It affects your magic capacity (+9).
 G - a ring of resist corrosion
 J - the ring of Ceexigua (left hand) {rF+ rC+ Will++ Dex+6 Stlth+}
   (You bought it in a shop on level 5 of the Dungeon)

   [ring of dexterity]

   Dex:       It affects your dexterity (+6).
   rF:        It protects you from fire.
   rC:        It protects you from cold.
   Will:      It greatly increases your willpower.
   Stlth:     It makes you more stealthy.
 P - a ring of flight
Wands
 n - a wand of charming (21)
 p - a wand of iceblast (34)
 u - a wand of acid (15)
 A - a wand of polymorph (24)
 C - a wand of flame (23)
 L - a wand of digging (12)
 N - a wand of mindburst (3)
Scrolls
 b - a scroll of amnesia
 e - 4 scrolls of fear
 i - 6 scrolls of fog
 r - 4 scrolls of magic mapping
 y - 2 scrolls of teleportation
 I - 9 scrolls of identify
 M - a scroll of enchant weapon
 O - a scroll of blinking
Potions
 a - 7 potions of haste
 c - 4 potions of ambrosia
 d - 2 potions of resistance
 g - 6 potions of magic
 j - 8 potions of attraction
 k - 4 potions of invisibility
 m - 3 potions of mutation
 o - 6 potions of lignification
 s - 5 potions of flight
 t - 4 potions of might
 w - 9 potions of brilliance
 x - 4 potions of curing
 H - 2 potions of berserk rage


   Skills:
 + Level 9.6 Fighting
 - Level 10.0 Short Blades
 + Level 6.1 Armour
 + Level 12.1 Dodging
 + Level 17.0 Stealth
 + Level 9.6 Shields
 * Level 12.0 Invocations
 + Level 5.0 Evocations


You had 16 spell levels left.
You didn't know any spells.
Your spell library contained the following spells:

 Spells                   Type           Power      Damage    Failure   Level
 Apportation              Tloc           0%         N/A       50%         1
 Beastly Appendage        Tmut           0%         N/A       50%         1
 Magic Dart               Conj           0%         1d3       50%         1
 Necrotise                Necr           0%         1d4       50%         1
 Sandblast                Erth           0%         2d4       50%         1
 Summon Small Mammal      Summ           0%         N/A       50%         1
 Blink                    Tloc           0%         N/A       65%         2
 Call Imp                 Summ           0%         N/A       65%         2
 Ensorcelled Hibernation  Hex/Ice        0%         N/A       65%         2
 Passwall                 Tmut/Erth      0%         N/A       65%         2
 Poisonous Vapours        Pois/Air       0%         N/A       65%         2
 Searing Ray              Conj           0%         2d4       65%         2
 Sublimation of Blood     Necr           0%         N/A       65%         2
 Wereblood                Tmut           0%         N/A       65%         2
 Call Canine Familiar     Summ           0%         N/A       86%         3
 Dazzling Flash           Conj/Hex       0%         N/A       86%         3
 Ignite Poison            Fire/Tmut/Pois 0%         N/A       86%         3
 Lesser Beckoning         Tloc           0%         N/A       86%         3
 Mephitic Cloud           Conj/Pois/Air  0%         N/A       86%         3
 Portal Projectile        Hex/Tloc       0%         N/A       86%         3
 Spider Form              Tmut/Pois      0%         N/A       86%         3
 Stone Arrow              Conj/Erth      0%         3d7       86%         3
 Swiftness                Air            0%         N/A       86%         3
 Tukima's Dance           Hex            0%         N/A       86%         3
 Corpse Rot               Necr/Pois/Air  0%         N/A       99%         4
 Dispel Undead            Necr           0%         3d6       99%         4
 Fulminant Prism          Conj/Hex       0%         3d6       99%         4
 Hailstorm                Conj/Ice       0%         3d3       99%         4
 Ice Form                 Ice/Tmut       0%         N/A       99%         4
 Leda's Liquefaction      Hex/Erth       0%         N/A       99%         4
 Petrify                  Tmut/Erth      0%         N/A       99%         4
 Agony                    Necr           0%         N/A       100%        5
 Blade Hands              Tmut           0%         N/A       100%        5
 Freezing Cloud           Conj/Ice/Air   0%         6-21      100%        5
 Lee's Rapid Deconstruct  Erth           0%         3d5*      100%        5
 Manifold Assault         Tloc           0%         N/A       100%        5
 Metabolic Englaciation   Hex/Ice        0%         N/A       100%        5
 Silence                  Hex/Air        0%         N/A       100%        5
 Summon Forest            Summ/Tloc      0%         N/A       100%        5
 Death Channel            Necr           0%         N/A       100%        6
 Eringya's Noxious Bog    Tmut/Pois      0%         N/A       100%        6
 Simulacrum               Ice/Necr       0%         N/A       100%        6
 Statue Form              Tmut/Erth      0%         N/A       100%        6
 Malign Gateway           Summ/Tloc      0%         N/A       100%        7
 Summon Hydra             Summ           0%         N/A       100%        7
 Summon Horrible Things   Summ           0%         N/A       100%        8


Dungeon Overview and Level Annotations

Branches:
Dungeon (15/15)            Temple (1/1) D:5            Lair (6/6) D:9
 Shoals (0/4) Lair:4        Snake (1/4) Lair:4        Slime (0/5) Lair:5
    Orc (2/2) D:9             Elf (0/3) Orc:2        Vaults (0/5) D:13
 Depths (0/4) D:15        Ossuary (visited)

Altars:
Ashenzari
Cheibriados
Dithmenos
Elyvilon
Fedhas
Gozag
Hepliaklqana
Kikubaaqudgha
Makhleb
Nemelex Xobeh
Okawaru
Qazlal
Ru
Sif Muna
Trog
Uskayaw
Vehumet
Wu Jian
Xom
Yredelemnul
Zin
The Shining One

Shops:
D:5 (*!:(   D:7 (   D:11 *   Orc:1 (   Orc:2 !(:*

Portals:
Trove: D:10 (give +6 fire dragon scales)

Annotations:
Lair:6 1 runed translucent door, exclusion: obsidian statue, IndoAryan's ghost, journeyman HuBe


Innate Abilities, Weirdness & Mutations

You have razor-sharp teeth.
Your natural rate of healing is unusually fast.
When hurt, damage is shared between your health and your magic reserves.
Your bite disrupts and absorbs the magic of your enemies.
Potions cannot restore your health.


Message History

The naga warrior is heavily wounded.
You feel sick. The naga mage completely misses you.
The naga warrior closely misses you. The naga closely misses you.
Unknown command.
The naga warrior blocks your attack.
Your bite misses the naga warrior.
The naga warrior is heavily wounded.
You feel sick. You block the shock serpent's attack.
The naga mage spits poison at you. You block the splash of poison.
The naga mage hits you from afar with a +0 spear!
* * * LOW HITPOINT WARNING * * *
The naga warrior barely misses you. The naga warrior constricts you.
* * * LOW HITPOINT WARNING * * *
You puncture the naga warrior!
The naga warrior is severely wounded.
The naga warrior blocks your shadow's attack.
You feel sick.
The naga mage no longer looks unusually toxic.
The naga sharpshooter no longer looks unusually strong.
Unknown command.
You hit the naga warrior. You drain the naga warrior.
You bite the naga warrior! You drain its power.
You feel invigorated.
The naga warrior is almost dead.
You feel sick. The shock serpent barely misses you.
The naga warrior hits you from afar with a +0 trident!
* * * LOW HITPOINT WARNING * * *
The naga mage hits you from afar with a +0 spear!
* * * LOW HITPOINT WARNING * * *
The naga mage points at you and mumbles some strange words.
The bolt of poison hits the naga warrior.
The naga warrior dies!
The bolt of poison misses you. The naga closely misses you.
Your Invocations skill increases to level 12!
You are too berserk!
Unknown command.
There is a lethal amount of poison in your body!
There is a lethal amount of poison in your body!
There is a lethal amount of poison in your body!
There is a lethal amount of poison in your body!
You die...

.......N......
.............
.................
................
....N.N.......
......#§....# .
#..##§N§N§##..#
##########....NS§§§....#
..........N.N.N§@§§......
..............NN8§§......
........§#....§§§§N......
.......§§#...............
...N.NS§§#..##.....##....
....NS§§§#÷..#.....# ....
#####S#..##..N....... ###
#§##..##..!......
..§§§§##..........##.


You could see a naga warrior, a naga sharpshooter, a shock serpent, 4 naga magi
and 2 nagas.

Vanquished Creatures
  Agnes (D:15)
  4 dire elephants
  Snorg (D:10)
  5 hydras
  2 vault guards (D:13)
  3 boulder beetles
  A naga warrior (Lair:4)
  3 centaur warriors
  16 death yaks
  An anaconda (Lair:4)
  A two-headed ogre (D:10)
  7 hell knights (D:15)
  An orc high priest (Orc:2)
  Nergalle (D:11)
  A naga sharpshooter (Lair:4)
  A spectral death yak (Lair:6)
  A spectral anaconda (Lair:6)
  A naga ritualist (Lair:4)
  A flayed ghost (D:14)
  2 wizards (D:13)
  2 lindwurms (Lair:6)
  3 orc knights
  A lindwurm (shapeshifter) (D:13)
  3 deep elf pyromancers
  14 ugly things
  6 necromancers
  An orc sorcerer (Orc:1)
  A wolf spider (D:15)
  A mana viper (Snake:1)
  4 manticores
  A merfolk siren (Lair:4)
  11 cyclopes
  12 black mambas
  Maurice (D:10)
  A salamander (D:15)
  A dire elephant zombie (Lair:6)
  10 elephants
  2 guardian serpents
  A naga mage (Snake:1)
  Joseph (D:10)
  A torpor snail (Lair:4)
  14 cane toads
  2 gargoyles
  A cane toad (shapeshifter) (D:14)
  A dire elephant skeleton (Lair:6)
  4 unseen horrors
  5 rime drakes
  9 komodo dragons
  Psyche (D:12)
  3 tengu conjurers
  2 polar bears
  7 trolls
  A hornet (Lair:4)
  15 blink frogs
  6 slime creatures
  8 dream sheep
  2 vampires
  18 humans (D:13)
  43 yaks
  3 shadows
  2 wyverns
  A water elemental (D:15)
  6 basilisks
  3 steam dragons (D:8)
  19 vampire mosquitoes
  2 death yak simulacra (Lair:6)
  2 spectral cane toads (Lair:6)
  4 wargs
  2 acid dragons
  2 nagas (Lair:4)
  15 water moccasins
  7 hell hounds (D:15)
  A sky beast (D:7)
  35 orc warriors
  4 black bears
  8 ogres
  33 wolves
  16 centaurs
  An elephant skeleton (Lair:6)
  Blork the orc (D:5)
  2 kobold brigands
  An elf zombie (Ossuary)
  17 bullfrogs
  3 gnoll sergeants
  3 scorpions
  4 killer bees (D:11)
  5 howler monkeys
  5 hounds
  13 orc priests
  3 jellies
  2 gnoll boudas
  An iguana (D:6)
  21 orc wizards
  2 mummies (Ossuary)
  23 gnolls
  5 adders
  A shadow imp (D:7)
  An ufetubus (D:4)
  2 adder zombies (Ossuary)
  3 dart slugs
  71 orcs
  9 bats
  7 endoplasms
  3 giant cockroaches
  7 goblins
  5 hobgoblins
  4 jackals
  A quokka (D:3)
  7 ball pythons
  3 frilled lizards
  2 goblin zombies (Ossuary)
  9 hobgoblin zombies (Ossuary)
  3 jackal zombies (Ossuary)
  23 kobolds
  11 kobold zombies (Ossuary)
  8 orc zombies (Ossuary)
  4 rats
  2 rat zombies
  A spectral kobold (D:8)
738 creatures vanquished.

Vanquished Creatures (others)
  A naga warrior (Snake:1)
  2 orc wizards (Orc:2)
  2 orcs
  A bush (Lair:4)
  21 fungi
  24 plants
  22 withered plants (Lair:6)
73 creatures vanquished.

Grand Total: 811 creatures vanquished

Notes
Turn   | Place    | Note
-------+----------+-------------------------------------------
     0 | D:1      | coolguy69 the Vine Stalker Monk began the quest for the
                  | Orb.
     0 | D:1      | Reached XP level 1. HP: 11/11 MP: 2/2
   204 | D:1      | Found a faded altar of an unknown god.
   232 | D:1      | Reached XP level 2. HP: 15/16 MP: 3/3
   937 | D:2      | Reached XP level 3. HP: 19/20 MP: 4/4
   940 | D:2      | Reached skill level 3 in Stealth
  1767 | D:3      | Gained mutation: Your natural rate of healing is unusually
                  | fast. [Vine Stalker growth]
  1767 | D:3      | Reached XP level 4. HP: 24/24 MP: 5/5
  2002 | D:3      | Reached skill level 4 in Stealth
  2006 | D:3      | Reached XP level 5. HP: 28/28 MP: 6/6
  2480 | D:4      | Reached skill level 5 in Stealth
  2619 | D:4      | Identified the +5 sling "Xatulaum" {venom, +Blink rC+}
  2647 | D:4      | Noticed an ogre
  2662 | D:4      | Killed an ogre
  2663 | D:4      | Reached XP level 6. HP: 31/32 MP: 7/7
  2808 | D:4      | Reached skill level 6 in Stealth
  3031 | D:5      | Entered Level 5 of the Dungeon
  3060 | D:5      | Noticed Blork the orc
  3079 | D:5      | Killed Blork the orc
  3080 | D:5      | Reached XP level 7. HP: 35/36 MP: 8/8
  3093 | D:5      | Found Biywem's Book Shoppe.
  3098 | D:5      | Found a staircase to the Ecumenical Temple.
  3122 | Temple   | Entered the Ecumenical Temple
  3313 | D:5      | Found Jify's Distillery.
  3322 | D:5      | Reached skill level 1 in Armour
  3367 | D:5      | Reached skill level 7 in Stealth
  3368 | D:5      | Found Kefez's General Store.
  3422 | D:5      | Found Umutz's Antique Weapon Boutique.
  3539 | D:5      | Found Wiuheg's Weapon Shop.
  3894 | D:6      | Found a radiant altar of Vehumet.
  3895 | D:6      | Found a sacrificial altar of Ru.
  3896 | D:6      | Found a shimmering altar of Xom.
  3896 | D:6      | Found a broken altar of Ashenzari.
  3897 | D:6      | Found a bloodstained altar of Trog.
  3897 | D:6      | Found an ancient bone altar of Kikubaaqudgha.
  3898 | D:6      | Found a stormy altar of Qazlal.
  3898 | D:6      | Found a hide-covered altar of Uskayaw.
  3898 | D:6      | Found a shadowy altar of Dithmenos.
  3933 | D:6      | Became a worshipper of Dithmenos the Shadowed
  3933 | D:6      | Reached * piety under Dithmenos
  3933 | D:6      | Reached ** piety under Dithmenos
  4148 | D:6      | Gained mutation: You have razor-sharp teeth. [Vine Stalker
                  | growth]
  4148 | D:6      | Reached XP level 8. HP: 42/42 MP: 9/9
  4239 | D:6      | Noticed a deep elf pyromancer
  4253 | D:6      | Killed a deep elf pyromancer
  4254 | D:6      | Reached skill level 5 in Short Blades
  4254 | D:6      | Reached skill level 8 in Stealth
  4594 | D:7      | Reached XP level 9. HP: 46/46 MP: 10/10
  4596 | D:7      | Reached skill level 9 in Stealth
  4811 | D:7      | Reached *** piety under Dithmenos
  5033 | D:7      | Found Itetu's Weapon Shop.
  5038 | D:7      | Found a sand-covered staircase.
  5082 | Ossuary  | Entered an ossuary
  5476 | D:8      | Noticed a gargoyle
  5477 | D:8      | Reached **** piety under Dithmenos
  5495 | D:8      | Killed a gargoyle
  5496 | D:8      | Reached skill level 5 in Fighting
  5496 | D:8      | Reached skill level 5 in Dodging
  5836 | D:8      | Reached skill level 1 in Invocations
  5893 | D:8      | Reached skill level 10 in Stealth
  5904 | D:8      | Reached XP level 10. HP: 14/51 MP: 9/12
  6207 | D:8      | Found a hazy altar of Hepliaklqana.
  6521 | D:9      | Found a staircase to the Lair.
  6637 | D:9      | Identified the +1 mace "coolguy69's Curse" {antimagic, rC+}
  6967 | D:9      | Found a staircase to the Orcish Mines.
  7263 | D:9      | Identified the -1 pair of boots of Qesud {rF+ Int-3 Dex+10}
  7417 | Lair:1   | Entered Level 1 of the Lair of Beasts
  7425 | Lair:1   | Noticed a cane toad
  7432 | Lair:1   | Killed a cane toad
  7485 | Lair:1   | Reached ***** piety under Dithmenos
  7623 | Lair:1   | Reached XP level 11. HP: 56/56 MP: 15/15
  7634 | Lair:1   | Noticed a four-headed hydra
  7668 | Lair:1   | Reached skill level 1 in Shields
  7693 | Lair:1   | Killed a four-headed hydra
  7745 | Lair:1   | Reached skill level 5 in Invocations
  8378 | Lair:2   | Identified the +6 trident "Osiek" {vorpal, *Corrode rC+
                  | Str+3 Dex+3}
  8662 | Lair:2   | Noticed a five-headed hydra
  8677 | Lair:2   | Killed a five-headed hydra
  8724 | Lair:2   | Noticed a boulder beetle
  8751 | Lair:2   | Killed a boulder beetle
  8752 | Lair:2   | Reached XP level 12. HP: 62/62 MP: 17/17
  9485 | Lair:3   | Reached skill level 11 in Stealth
  9936 | Lair:3   | Noticed a death yak
  9936 | Lair:3   | Noticed a death yak
  9937 | Lair:3   | Noticed a death yak
  9938 | Lair:3   | Noticed a death yak
  9939 | Lair:3   | Noticed a death yak
  9939 | Lair:3   | Noticed a death yak
  9970 | Lair:3   | Killed a death yak
  9997 | Lair:3   | Killed a death yak
  9998 | Lair:3   | Reached skill level 5 in Armour
 10028 | Lair:3   | Killed a death yak
 10050 | Lair:3   | Killed a death yak
 10051 | Lair:3   | Reached skill level 5 in Shields
 10070 | Lair:3   | Killed a death yak
 10088 | Lair:3   | Killed a death yak
 10437 | Lair:4   | Reached XP level 13. HP: 67/67 MP: 19/19
 10532 | Lair:4   | Found a staircase to the Snake Pit.
 10550 | Lair:4   | Reached ****** piety under Dithmenos
 10841 | Lair:4   | Reached skill level 12 in Stealth
 10872 | Lair:4   | Found a staircase to the Shoals.
 11750 | D:5      | Bought the ring of Ceexigua {rF+ rC+ Will++ Dex+6 Stlth+}
                  | for 959 gold pieces
 11929 | Lair:5   | You fall into a shaft and drop 1 floor!
 11929 | Lair:6   | Entered Level 6 of the Lair of Beasts
 12012 | Lair:5   | Reached skill level 10 in Short Blades
 12291 | Lair:5   | Reached skill level 10 in Dodging
 12408 | Lair:5   | Found a staircase to the Slime Pits.
 12587 | Lair:6   | Reached skill level 13 in Stealth
 12702 | Lair:6   | Found a runed translucent door.
 12711 | Lair:6   | Noticed IndoAryan's ghost (journeyman HuBe)
 13053 | Lair:6   | Reached XP level 14. HP: 37/73 MP: 19/21
 13154 | Lair:6   | Reached skill level 14 in Stealth
 13220 | Lair:6   | Noticed a dire elephant
 13221 | Lair:6   | Noticed a dire elephant
 13221 | Lair:6   | Noticed a dire elephant
 14065 | Lair:6   | Killed a dire elephant
 14078 | Lair:6   | Killed a dire elephant
 14137 | Lair:6   | Killed a dire elephant
 14502 | Orc:1    | Entered Level 1 of the Orcish Mines
 14519 | Orc:1    | Found Lefaral's Weapon Boutique.
 14543 | Orc:2    | Entered Level 2 of the Orcish Mines
 14838 | Orc:1    | Reached skill level 10 in Invocations
 15612 | Orc:2    | Found a staircase to the Elven Halls.
 15715 | Orc:2    | Found Baaleink's Antique Weapon Shoppe.
 15715 | Orc:2    | Found Ileov's Book Boutique.
 15717 | Orc:2    | Found Iseh's Assorted Antiques.
 15719 | Orc:2    | Found Nugavuot's Distillery.
 16168 | D:10     | Entered Level 10 of the Dungeon
 16195 | D:10     | Found a portal to a secret trove of treasure.
 16268 | D:10     | Identified the ring "Optueph" {rN++ MP+9}
 16360 | D:10     | Found a flagged portal.
 16471 | D:10     | Noticed Joseph
 16478 | D:10     | Killed Joseph
 16532 | D:10     | Noticed Maurice
 16539 | D:10     | Killed Maurice
 17092 | D:10     | Noticed Snorg
 17096 | D:10     | Reached XP level 15. HP: 78/78 MP: 23/23
 17097 | D:10     | Killed Snorg
 17098 | D:10     | Reached skill level 15 in Stealth
 17473 | D:11     | Found Maciewnelym's Assorted Antiques.
 17500 | D:11     | Noticed Nergalle
 17507 | D:11     | Killed Nergalle
 18122 | D:12     | Noticed Psyche
 18125 | D:12     | Killed Psyche
 18659 | D:13     | Reached skill level 16 in Stealth
 18796 | D:13     | Found a white marble altar of Elyvilon.
 19018 | D:13     | Found a gate to the Vaults.
 20183 | D:14     | Reached skill level 5 in Evocations
 20183 | D:14     | Reached XP level 16. HP: 84/84 MP: 25/25
 20209 | D:15     | Entered Level 15 of the Dungeon
 20209 | D:15     | Noticed Agnes
 20210 | D:15     | Killed Agnes
 20243 | D:15     | Identified the +6 long sword "Vising" {spect, *Noise Str+4
                  | Int+4}
 20384 | D:15     | Reached XP level 17. HP: 38/88 MP: 22/26
 21373 | D:15     | Found a staircase to the Depths.
 21666 | Snake:1  | Entered Level 1 of the Snake Pit
 21715 | Snake:1  | Reached skill level 17 in Stealth
 21890 | Lair:4   | HP: 4/88 [anaconda[a naga ritualist] (2)]
 22411 | Lair:4   | HP: 4/88 [constriction (1)]
 22594 | Snake:1  | HP: 6/132 [constriction (3)]
 22596 | Snake:1  | HP: 1/132 [naga mage/+0 spear (2)]
 22597 | Snake:1  | Succumbed to a naga mage's bolt of poison

Illustrated notes

Levels and vault maps discovered:
D:1:      dpeg_arrival_water_temple_mockup, layout_basic,
          dreamdust_ecumenical_altar_hidden_monk_grotto
D:2:      layout_basic, minmay_pentomino_x2
D:3:      layout_rooms, corexii_hall_statues_u, cheibrodos_gnoll_hut
D:4:      layout_loops_cross, serial_forest, infiniplex_forest_lined_room_3,
          infiniplex_forest_lined_1, infiniplex_forest_clump_small,
          infiniplex_forest_clump_double
D:5:      layout_cave_pools, minmay_temple_entry_proselytizer, serial_shops,
          nicolae_diamond_shop, shop, shop_fountains, shop_coins, shop,
          uniq_blork_the_orc
D:6:      layout_loops_corners, nicolae_overflows_in_rows,
          guppyfry_early_elven_hall
D:7:      layout_rooms, enter_ossuary_3, serial_shops, shop
D:8:      layout_basic, nicolae_hepliaklqana_monster_ancestors, minmay_bent
D:9:      layout_basic, dpeg_oklobed_lair, hiddenorc1_lemuel
D:10:     layout_grid_maze, enter_bailey_2, nicolae_trove_entry_columns,
          uniq_joseph, uniq_maurice, uniq_snorg
D:11:     layout_basic, serial_shops, shop, uniq_nergalle
D:12:     layout_roguey, uniq_psyche
D:13:     layout_roguey, grunt_vaults_entry_tiered, elyvilon_altar_1
D:14:     minmay_curly_fans, layout_irregular_city
D:15:     hangedman_depths_entry_try_elsewhere_first, layout_basic,
          fountainhead, minmay_rotating_lava, uniq_agnes
Temple:   nicolae_temple_godzebo
Lair:1:   layout_regular_city, serial_bayou_shore_b
Lair:2:   layout_small_grid, grunt_forest_large_clearings
Lair:3:   layout_long_grid, grunt_megastairs_3
Lair:4:   layout_regular_city, minmay_shoals_entry_lonely_mermaid,
          minmay_snake_entry_six_corridors, beast_lair_carwin_5
Lair:5:   layout_regular_city, slime_entry_1, portal_ice_cave_rime
Lair:6:   due_jungle_book, layout_big_grid, ebering_ghost_reflecting_pool,
          minivault_25, serial_bayou_shore_b, serial_bayou_shore_b
Snake:1:  layout_grid_maze, evilmike_ambush [evilmike_ambush_outer_corners,
          evilmike_ambush_inner_basic]
Orc:1:    layout_caves, serial_shops, shop
Orc:2:    st_orc_rangers, layout_diamond_mine

Skill      XL: |  1  2  3  4  5  6  7  8  9 10 11 12 13 14 15 16 17 |
---------------+----------------------------------------------------+-----
Fighting       | 3 4 5 6 7 8 9 |  9.6
Stealth        | 3 4 5 6 7 8 10 11 13 14 16 17 | 17.0
Short Blades   | 3 4 5 7 8 9 10 | 10.0
Dodging        | 3 4 5 6 8 9 10 11 12 | 12.1
Armour         | 1 2 3 4 5 6 |  6.1
Invocations    | 2 4 6 7 8 10 11 12 | 12.0
Shields        | 3 5 6 7 8 9 |  9.6
Evocations     | 5 |  5.0

Action                   |  1- 3 |  4- 6 |  7- 9 | 10-12 | 13-15 | 16-18 || total
-------------------------+-------+-------+-------+-------+-------+-------++-------
Melee: Dagger            |    73 |    81 |   373 |  1010 |  1755 |   428 ||  3720
       Short sword       |     3 |       |       |       |       |       ||     3
       Bite              |    20 |    24 |   161 |   475 |   863 |   220 ||  1763
       Punch             |     3 |     1 |     9 |     9 |       |       ||    22
  Use: Scroll            |       |     8 |     6 |    13 |    10 |     4 ||    41
       Potion            |       |       |       |     2 |     1 |     5 ||     8
 Stab: Sleeping          |    13 |    12 |    14 |    13 |   102 |    13 ||   167
       Distracted        |       |       |     1 |     1 |     4 |     3 ||     9
Armor: Robe              |    13 |    11 |       |       |       |       ||    24
       Leather armour    |       |     7 |    52 |   118 |   100 |       ||   277
       Troll leather arm |       |       |       |       |   143 |    51 ||   194
Dodge: Dodged            |    40 |    46 |   316 |   800 |  1445 |   314 ||  2961
Block: Buckler           |       |       |       |   189 |   651 |   179 ||  1019

Table legend: (Time is in decaauts)
 A = Elapsed time spent in this place.
 B = Non-inter-level travel time spent in this place.
 C = Inter-level travel time spent in this place.
 D = Time resting spent in this place.
 E = Time spent auto-exploring this place.
 F = Levels seen in this place.
 G = Mean time per level.
                   A        B        C        D        E       F      G
               +--------+--------+--------+--------+--------+-----+--------+
         Total |  21119 |  19063 |   2056 |   1596 |  12266 |  26 |  812.3 |
       Dungeon |  12276 |  10986 |   1290 |    468 |   7870 |  15 |  818.4 |
        Temple |    162 |    131 |     31 |      0 |    105 |   1 |  162.0 |
          Lair |   6905 |   6284 |    621 |    774 |   3661 |   6 | 1150.8 |
     Snake Pit |     68 |     68 |      0 |      0 |      0 |   1 |   68.0 |
  Orcish Mines |   1461 |   1349 |    112 |    354 |    600 |   2 |  730.5 |
       Ossuary |    245 |    245 |      0 |      0 |     30 |   1 |  245.0 |
               +--------+--------+--------+--------+--------+-----+--------+

Top non-repeatable levels by time:
  Lair:6: 1667 daAuts
  Lair:4: 1613 daAuts
    D:10: 1359 daAuts
     D:9: 1159 daAuts
    D:15: 1070 daAuts
  Lair:2: 1029 daAuts
     D:8: 993 daAuts
  Lair:3: 971 daAuts
  Lair:1: 923 daAuts
     D:1: 911 daAuts
     D:6: 873 daAuts
   Orc:1: 855 daAuts
    D:14: 801 daAuts
     D:2: 774 daAuts
     D:3: 708 daAuts
